 Dungeon Crawl Stone Soup version 0.14-a0-736-g2a71271 (webtiles) character file.

110 Malachi the Ruffian (level 2, 0/23 HPs)
             Began as a Draconian Transmuter on Nov 7, 2013.
             Slain by a hobgoblin
             ... wielding a -1,+1 orcish club
              (5 damage)
             ... on Level 2 of the Dungeon.
             The game lasted 00:01:52 (650 turns).

Malachi the Ruffian (Draconian Transmuter)           Turns: 650, Time: 00:01:52

HP   0/23        AC  4     Str 12      XL: 2   Next: 89%
MP  12/12        EV 12     Int 13      God:
Gold 84          SH  0     Dex 11      Spells:  2 memorised,  2 levels left

Res.Fire  : . . .   See Invis. : .     - Unarmed
Res.Cold  : . . .   Warding    : .   (armour unavailable)
Life Prot.: . . .   Conserve   : .   (no shield)
Res.Poison: .       Res.Corr.  : .   (helmet restricted)
Res.Elec. : .       Clarity    : .   (no cloak)
Sust.Abil.: . .     Spirit.Shd : .   (no gloves)
Res.Mut.  : .       Stasis     : .   (no boots)
Res.Rott. : .       Flight     : .   (no amulet)
Saprovore : . . .                    f - ring of magical power
                                     j - cursed ring of hunger

@: very slightly contaminated, not resistant to hostile enchantments, unstealthy
A: unfitting armour, AC +4
a: no special abilities


You were on level 2 of the Dungeon.
You were hungry.

You visited 1 branch of the dungeon, and saw 2 of its levels.

You collected 84 gold pieces.

Inventory:

Missiles
 b - 12 arrows
 e - 5 curare-tipped needles
Comestibles
 a - a bread ration
 h - a rotting chunk of goblin flesh
 k - a rotting chunk of bat flesh
 l - an apple
 m - a rotting chunk of goblin flesh
 p - 2 chunks of goblin flesh
 q - 2 chunks of hobgoblin flesh
Scrolls
 o - a scroll of noise {unknown}
Jewellery
 c - an uncursed ring of protection from magic {unknown}
 f - a ring of magical power (right hand)
 j - a cursed ring of hunger (left hand)
Potions
 g - 2 potions of curing
 n - 2 potions of mutation {unknown}
Books
 d - a book of Changes

   Spells                             Type                      Level
   *Beastly Appendage                 Transmutation                1
   *Sticks to Snakes                  Transmutation                2
   Spider Form                        Transmutation/Poison         3
   Ice Form                           Ice/Transmutation            4
   Blade Hands                        Transmutation                5


   Skills:
 + Level 1.2 Fighting
 + Level 2.1 Dodging
 * Level 3.7 Unarmed Combat
 - Level 2.0 Spellcasting
 * Level 2.2 Transmutations


You had 2 spell levels left.
You knew the following spells:

 Your Spells              Type           Power        Failure   Level  Hunger
a - Beastly Appendage     Trmt           #.....       12%         1    ##.....
b - Sticks to Snakes      Trmt           #.........   17%         2    ###....


Dungeon Overview and Level Annotations

Branches:
Dungeon (2/27)

Altars:


Message History

You are too injured to fight recklessly!
You are too injured to fight recklessly!
You are too injured to fight recklessly!
You are too injured to fight recklessly!
You are too injured to fight recklessly!
You hit the hobgoblin.
The hobgoblin is moderately wounded.
The hobgoblin hits you but does no damage.
You hit the hobgoblin.
Your tail-slap misses the hobgoblin.
The hobgoblin is heavily wounded.
The hobgoblin hits you but does no damage.
You hit the hobgoblin.
You tail-slap the hobgoblin, but do no damage.
The hobgoblin is severely wounded.
The hobgoblin hits you with an orcish club.
* * * LOW HITPOINT WARNING * * *
You hit the hobgoblin but do no damage.
The hobgoblin is severely wounded.
The hobgoblin hits you with an orcish club.
You die...

####.###### #....#
#.#### ##'#### ####
#.....# #.....
#.....#######....
######......#...#...#
............#.#%#g.##.#
..............#.@%..$.#
.......)......####..###
..............# ....
.......##.....# ?..#
.......##.....# ..#
.......##.....# .
.......##.....#
.......##.....#
.......########


You could see a hobgoblin.

Vanquished Creatures
  2 giant cockroaches
  4 goblins (D:1)
  6 hobgoblins
  2 kobolds
  6 bats
  A giant gecko (D:1)
  2 rats
23 creatures vanquished.

Notes
Turn   | Place    | Note
--------------------------------------------------------------
     0 | D:1      | Malachi, the Draconian Transmuter, began the quest for the Orb.
     0 | D:1      | Reached XP level 1. HP: 16/16 MP: 1/1
   239 | D:1      | Reached XP level 2. HP: 18/23 MP: 3/3
   244 | D:1      | Learned a level 2 spell: Sticks to Snakes
   650 | D:2      | Slain by a hobgoblin

Action                   || total
-------------------------++-------
Melee: Unarmed           ||    91
 Cast: Beastly Appendage ||     5
  Use: Scroll            ||     4
       Potion            ||     1
